AoeStats
← theclaydude

Arabian Desert

509789137Analyzed
1v1 RM · 4d ago on Sep 28, 2026· 49m 27s· 2 players
Game mode
Random Map
Map size
Tiny (2 player)
Population
200
Speed
Normal
Resources
Standard
Victory
Conquest
Starting age
Dark Age
Ending age
Imperial Age
RankedLock teamsTeams togetherTeam positionsShared explorationLock speedFull tech treeHidden civsTurbo modeCheats
Victory
Defeat
🇨🇴 Ethiopians · Colombia
1017
+15
🇺🇸 Franks · United States
1001
-15
theclaydude
7:19 Loom
10:06 Feudal Age
10:56 Double-Bit Axe
13:39 Fletching
18:31 Wheelbarrow
22:27 Castle Age
21:14 Scale Barding Armor
21:05 Gold Mining
23:42 Husbandry
24:46 Bow Saw
25:39 Bodkin Arrow
33:14 Forging
35:44 Chain Barding Armor
36:00 Iron Casting
37:17 Gold Shaft Mining
37:21 Stone Mining
40:16 Hand Cart
40:58 Town Watch
40:58 Light Cavalry
43:22 Ordonnance Companies
47:08 Imperial Age
44:50 Padded Archer Armor
45:11 Crossbowman
Hanyo
6:51 Loom
9:29 Feudal Age
10:21 Double-Bit Axe
11:08 Horse Collar
11:55 Town Watch
13:35 Fletching
16:18 Wheelbarrow
20:41 Castle Age
20:43 Crossbowman
21:26 Bodkin Arrow
21:32 Padded Archer Armor
26:37 Scale Mail Armor
28:56 Chain Mail Armor
32:05 Squires
31:51 Arson
35:27 Royal Heirs
40:03 Imperial Age
40:20 Forging
41:53 Plate Mail Armor
43:06 Iron Casting
Connection lost

Rejoining the realm…

Still unreachable

The connection could not be restored.

Session expired

The server has moved on; the page needs a fresh start.